 Dungeon Crawl Stone Soup version 0.31-a0-1591-g515db51633 (webtiles) character file.

Game seed: 14426870256939752412

1790995 Ofeo the Slayer (level 25, 249/250 HPs)
             Began as a Red Draconian Brigand on Jan 7, 2024.
             Was a Priest of Uskayaw.
             Escaped with the Orb
             ... and 3 runes!
             The game lasted 01:40:19 (58503 turns).

Ofeo the Slayer (Red Draconian Brigand)            Turns: 58503, Time: 01:40:19

Health: 249/250    AC: 20    Str: 15    XL:     25   Next: 59%
Magic:  26/32      EV: 33    Int: 15    God:    Uskayaw [***...]
Gold:   4007       SH: 21    Dex: 20    Spells: 24/24 levels left

rFire   + + .        f - +9 quick blade (freeze)
rCold   + . .        t - +5 kite shield {AC+3}
rNeg    + + +        (body armour unavailable)
rPois   +            w - +0 hat of Discretion {Will+}
rElec   +            v - +3 cloak "Ybeyc" {rElec rN+ Stlth+}
rCorr   +            W - -1 pair of gloves of Urratigh {+Inv rPois rN++ rCorr}
SInv    .            S - +0 pair of boots of Koyfon {Rampage rF+ rC+ Slay+3}
Will    +++..        c - amulet of the Air {Inacc Air Fly rElec RMsl}
Stlth   +++          n - ring of Wywkua {Will+ EV+5}
HPRegen 0.61/turn    K - +4 ring of slaying
MPRegen 0.23/turn

%: inaccuracy (-5), repel missiles, rampage
@: mighty, maw-form, flying, hasted, studying 3 skills, very quick
A: devouring maw, breathe fire, AC +12, unfitting armour, fire resistance 1,
cold-blooded, deterioration 1
0: Orb of Zot
}: 3/15 runes: decaying, serpentine, silver
a: Breathe Fire, Begin Untransformation, Renounce Religion, Evoke Invisibility,
Stomp, Line Pass


You escaped.
You worshipped Uskayaw.
Uskayaw was pleased with you.
You were a creature with a mouth for a stomach.
You visited 8 branches of the dungeon, and saw 44 of its levels.
You also visited: Bailey, Gauntlet, Ice Cave, Volcano and Desolation.

You collected 7828 gold pieces.
You spent 3821 gold pieces at shops.

Inventory:

Hand Weapons
 f - a +9 quick blade of freezing (weapon)
Missiles
 d - 17 curare-tipped darts (quivered)
 j - 6 silver javelins
 x - 4 datura-tipped darts
 z - 10 atropa-tipped darts
 L - 7 throwing nets
Armour
 g - the +1 hat of Joh Usue {Will- Regen+ Str+6 Stlth+}
   (You acquired it on level 5 of the Vaults)

   Str+6:     It affects your strength (+6).
   Will-:     It decreases your willpower.
   Regen+:    It increases your rate of health regeneration.
   Stlth+:    It makes you more stealthy.
 t - a +5 kite shield of protection (worn)
 v - the +3 cloak "Ybeyc" (worn) {rElec rN+ Stlth+}
   (You acquired it on level 2 of the Orcish Mines)

   rElec:     It insulates you from electricity.
   rN+:       It protects you from negative energy.
   Stlth+:    It makes you more stealthy.
 w - the +0 hat of Discretion (worn) {Will+}
   (You found it on level 4 of the Realm of Zot)

   Will+:     It increases your willpower.
 S - the +0 pair of boots of Koyfon (worn) {Rampage rF+ rC+ Slay+3}
   (You found it in a Gauntlet)

   Slay+3:    It affects your accuracy & damage with ranged weapons and melee
   (+3).
   rF+:       It protects you from fire.
   rC+:       It protects you from cold.
   Rampage:   It bestows one free step when moving towards enemies.
 W - the -1 pair of gloves of Urratigh (worn) {+Inv rPois rN++ rCorr}
   (You found it on level 5 of the Vaults)

   rPois:     It protects you from poison rN++: It greatly protects you from
   negative energy.
   +Inv:      It lets you turn invisible.
   rCorr:     It protects you from acid and corrosion.
Jewellery
 c - the amulet of the Air (around neck) {Inacc Air Fly rElec RMsl}
   (You bought it in a shop on level 3 of the Dungeon)

   [amulet of nothing]

   Inacc:     It reduces the accuracy of your attacks and spells.
   Air:       It enhances your air magic.
   rElec:     It insulates you from electricity.
   Fly:       It grants you flight.
   RMsl:      It protects you from missiles.
 n - the ring of Wywkua (left hand) {Will+ EV+5}
   (You acquired it on level 2 of the Dungeon)

   [ring of evasion]

   EV+5:      It affects your evasion (+5).
   Will+:     It increases your willpower.
 y - an amulet of magic regeneration
 K - a +4 ring of slaying (right hand)
 P - the ring of Elyvilon's Scorn {rElec rC+ Str+3 Dex+6}
   (You found it on level 5 of the Vaults)

   [ring of dexterity]

   Str+3:     It affects your strength (+3).
   Dex+6:     It affects your dexterity (+6).
   rC+:       It protects you from cold.
   rElec:     It insulates you from electricity.
Wands
 o - a wand of roots (33)
 C - a wand of charming (45)
 Q - a wand of mindburst (43)
 V - a wand of light (8)
 Z - a wand of digging (14) {@v1}
Scrolls
 b - 7 scrolls of enchant armour
 u - 11 scrolls of fog
 A - a scroll of butterflies
 B - 29 scrolls of teleportation {@r3}
 D - 4 scrolls of amnesia
 E - 5 scrolls of blinking {@r4}
 G - 4 scrolls of immolation
 H - a scroll of silence
 O - 7 scrolls of fear
 U - 10 scrolls of revelation
 Y - 2 scrolls of enchant weapon
Potions
 a - 4 potions of ambrosia
 e - 8 potions of enlightenment
 h - 11 potions of heal wounds {@q2}
 i - 5 potions of mutation
 k - 9 potions of magic
 l - 5 potions of lignification
 m - 2 potions of might {@q4}
 q - 13 potions of curing {@q1}
 r - a potion of resistance {@q6}
 s - 3 potions of haste {@q3}
 I - 4 potions of invisibility
 M - 5 potions of attraction
 R - 3 potions of berserk rage
 T - 8 potions of brilliance
 X - 3 potions of cancellation
Miscellaneous
 p - a phial of floods
 F - a lightning rod (4/4)
 J - a phantom mirror
 N - a box of beasts


   Skills:
 + Level 25.6 Fighting
 - Level 15.0 Short Blades
 + Level 16.3 Throwing
 + Level 21.9 Dodging
 + Level 14.1 Stealth
 - Level 18.0 Shields
 - Level 12.2 Invocations
 - Level 8.0 Evocations
 - Level 12.5 Shapeshifting


You had 24 spell levels left.
You didn't know any spells.
Your spell library contained the following spells:

 Spells                   Type           Power      Damage    Failure   Level
 Apportation              Tloc           0%         N/A       38%         1
 Foxfire                  Conj/Fire      0%         2x1d4     38%         1
 Freeze                   Ice            0%         1d3       38%         1
 Necrotise                Necr           0%         1d4       38%         1
 Sandblast                Erth           0%         2d4       38%         1
 Shock                    Conj/Air       0%         1d3       38%         1
 Slow                     Hex            0%         N/A       38%         1
 Sting                    Conj/Alch      0%         1d3       38%         1
 Summon Small Mammal      Summ           0%         N/A       38%         1
 Blink                    Tloc           0%         N/A       52%         2
 Call Imp                 Summ           0%         N/A       52%         2
 Cigotuvi's Dreadful Rot  Necr/Alch/Air  0%         N/A       52%         2
 Ensorcelled Hibernation  Hex/Ice        0%         N/A       52%         2
 Jinxbite                 Hex            0%         N/A       52%         2
 Lesser Beckoning         Tloc           0%         N/A       52%         2
 Mercury Vapours          Alch/Air       0%         N/A       52%         2
 Momentum Strike          Conj/Tloc      0%         3d8       52%         2
 Call Canine Familiar     Summ           0%         N/A       77%         3
 Dazzling Flash           Conj/Hex       0%         N/A       77%         3
 Frozen Ramparts          Ice            0%         1d1       77%         3
 Gell's Gravitas          Tloc           0%         N/A       77%         3
 Hailstorm                Conj/Ice       0%         3d5       77%         3
 Inner Flame              Hex/Fire       0%         N/A       77%         3
 Mephitic Cloud           Conj/Alch/Air  0%         N/A       77%         3
 Passwall                 Erth           0%         N/A       77%         3
 Sigil of Binding         Hex            0%         N/A       77%         3
 Stone Arrow              Conj/Erth      0%         3d7       77%         3
 Summon Ice Beast         Ice/Summ       0%         N/A       77%         3
 Swiftness                Air            0%         N/A       77%         3
 Teleport Other           Tloc           0%         N/A       77%         3
 Tukima's Dance           Hex            0%         N/A       77%         3
 Vampiric Draining        Necr           0%         2d6       77%         3
 Volatile Blastmotes      Fire/Tloc      0%         2d10      77%         3
 Airstrike                Air            0%         2d(0-16)  99%         4
 Brom's Barrelling Bould  Conj/Erth      0%         2d3       99%         4
 Cause Fear               Hex            0%         N/A       99%         4
 Dimensional Bullseye     Hex/Tloc       0%         N/A       99%         4
 Flame Wave               Conj/Fire      0%         2d4       99%         4
 Fulminant Prism          Conj/Alch      0%         3d5       99%         4
 Ignite Poison            Fire/Alch      0%         N/A       99%         4
 Iskenderun's Mystic Bla  Conj/Tloc      0%         2d3       99%         4
 Leda's Liquefaction      Alch/Erth      0%         N/A       99%         4
 Martyr's Knell           Necr/Summ      0%         N/A       99%         4
 Olgreb's Toxic Radiance  Alch           0%         N/A       99%         4
 Petrify                  Alch/Erth      0%         N/A       99%         4
 Sticky Flame             Fire/Alch      0%         2d4       99%         4
 Summon Lightning Spire   Summ/Air       0%         N/A       99%         4
 Vhi's Electric Charge    Tloc/Air       0%         N/A       99%         4
 Alistair's Intoxication  Alch           0%         N/A       100%        5
 Arcjolt                  Conj/Air       0%         1d10      100%        5
 Borgnjor's Vile Clutch   Necr/Erth      0%         N/A       100%        5
 Curse of Agony           Necr           0%         N/A       100%        5
 Freezing Cloud           Conj/Ice/Air   0%         6-21      100%        5
 Iskenderun's Battlesphe  Conj           0%         2d6       100%        5
 Lee's Rapid Deconstruct  Erth           0%         3d4*      100%        5
 Metabolic Englaciation   Hex/Ice        0%         N/A       100%        5
 Silence                  Hex/Air        0%         N/A       100%        5
 Summon Forest            Summ/Tloc      0%         N/A       100%        5
 Summon Mana Viper        Hex/Summ       0%         N/A       100%        5
 Bombard                  Conj/Erth      0%         9d1       100%        6
 Conjure Ball Lightning   Conj/Air       0%         3x3d6     100%        6
 Dispersal                Tloc           0%         N/A       100%        6
 Eringya's Noxious Bog    Alch           0%         4d6       100%        6
 Plasma Beam              Fire/Air       0%         2x1d10    100%        6
 Sculpt Simulacrum        Ice/Alch       0%         N/A       100%        6
 Summon Cactus Giant      Summ           0%         N/A       100%        6
 Enfeeble                 Hex            0%         N/A       100%        7
 Haunt                    Necr/Summ      0%         N/A       100%        7
 Malign Gateway           Summ/Tloc      0%         N/A       100%        7
 Ozocubu's Refrigeration  Ice            0%         4d7       100%        7
 Spellforged Servitor     Conj/Summ      0%         N/A       100%        7
 Summon Hydra             Summ           0%         N/A       100%        7
 Borgnjor's Revivificati  Necr           0%         N/A       100%        8
 Discord                  Hex            0%         N/A       100%        8
 Disjunction              Tloc           0%         N/A       100%        8
 Ignition                 Fire           0%         3d3       100%        8
 Lehudib's Crystal Spear  Conj/Erth      0%         10d2      100%        8
 Summon Horrible Things   Summ           0%         N/A       100%        8
 Death's Door             Necr           0%         N/A       100%        9
 Polar Vortex             Ice            0%         N/A       100%        9
 Animate Armour           Summ/Erth      Unusable   N/A       N/A         4

Dungeon Overview and Level Annotations

Branches:
Dungeon (15/15)            Temple (0/1) D:7            Lair (5/5) D:11
  Swamp (4/4) Lair:3        Snake (4/4) Lair:3        Slime (0/5) Lair:5
    Orc (2/2) D:12            Elf (0/3) Orc:2        Vaults (5/5) D:14
  Crypt (0/3) Vaults:2     Depths (4/4) D:15            Zot (5/5) Depths:4
 Bailey (visited)           IceCv (visited)         Volcano (visited)
Desolation (visited)      Gauntlet (visited)

Altars:
Ashenzari
Dithmenos
Elyvilon
Fedhas
Kikubaaqudgha
Nemelex Xobeh
Okawaru
Sif Muna
Trog
Uskayaw
Vehumet
Wu Jian
Yredelemnul
Zin
The Shining One
Jiyva
Lugonu

Shops:
D:2 ?   D:3 =   D:4 [   D:6 (   D:8 :   D:9 (*=   D:15 *   Orc:2 **[(
Snake:2 :   Snake:3 (=(   Vaults:1 (   Vaults:4 *

Portals:
Hell: Depths:1 Depths:2 Depths:3 Depths:4
Abyss: Depths:1 Depths:3 Depths:4
Pandemonium: Depths:2
Ziggurat: Depths:2

Annotations:
D:2 1 runed translucent door, Crazy Yiuf


Innate Abilities, Weirdness & Mutations

You are a creature with a mouth for a stomach.
Your midsection houses a second, enormous mouth.
You can breathe blasts of fire.
Your fiery red scales are hard. (AC +12)
You cannot fit into any form of body armour.
Your flesh is heat resistant. (rF+)
You are cold-blooded and may be slowed by cold attacks.
Your body sometimes deteriorates upon taking damage.


Message History

You are engulfed in freezing vapours.
You resist.
You can now merge with and destroy a victim.
You take 3 damage, and have 239/250 hp.
You completely miss something. You puncture something! You freeze something.
You tail-slap something. You bite something. Something completely misses you.
You hit something. You freeze something.
Your tail-slap misses something.
You puncture something! You freeze something. You bite something!
You impale something!! You freeze something. You tail-slap something.
You puncture something! You freeze something.
Reactivating autopickup.
You feel a bit more experienced.
What level of the Dungeon? (default 1, ? - help) You're already here!
A great orb of eyes comes into view.
You regained 3 hp, and now have 243/250 hp.
The great orb of eyes turns its gaze towards you.
You rampage towards the great orb of eyes!
You puncture the great orb of eyes! You freeze the great orb of eyes.
You bite the great orb of eyes!! You hit the great orb of eyes.
You freeze the great orb of eyes. You bite the great orb of eyes!
The great orb of eyes is severely wounded.
You block the great orb of eyes's attack.
You puncture the great orb of eyes! You freeze the great orb of eyes.
You bite the great orb of eyes.
You kill the great orb of eyes!
Okay, then.
Aiming: Dig
Press: ? - help, Shift-Dir - straight line A rock wall.
This square is covered in magical glow.
The rock shatters into small pieces.
There is an open gate here.
Aiming: Dig
Press: ? - help, Shift-Dir - straight line A rock wall.
This square is covered in magical glow.
The rock shatters into small pieces.
You can no longer merge with and destroy a victim.
There is a staircase leading out of the dungeon here.
You have escaped!

.....>.....################
.##.##.#.###......'.......#
.##.##.##.##......'.......#
.##>##.###.#......'.......#
.##.##.####....########...#
........####...#..'...#...#
###.###....#...#..'...#...#
###.####'''#'''.'.....#...#
.......#...#...#W##'''#'''#
.##.##.#...#...###....#...#
.##.##.#...#.....'....#...#
.##.##.#...#.....'....#...#
.##.##.#...#.....'....#...#
.##.##.#...############...#
.......+.........'........#
###.##.+.........'........#
###.##.+.........'........#


There were no monsters in sight!

Vanquished Creatures
  Frederick (Vaults:4)
  10 dread liches
  2 ancient liches
  3 orbs of fire
  Josephina (Zot:2)
  The ghost of Fiowez the Gelid, a veteran HuAl of Hepliaklqana (Zot:4)
  2 pandemonium lords (D:1)
  Saint Roka (Orc:2)
  Vashnia (Snake:2)
  7 Killer Klowns (Zot:5)
  A caustic shrike (Depths:2)
  the Lernaean hydra (Swamp:4)
  3 curse toes
  9 golden dragons
  Margery (Depths:4)
  3 electric golems
  Jorgrun (Swamp:1)
  A hellephant (Depths:4)
  Mlioglotl (Swamp:3)
  15 tentacled monstrosities
  27 Orb Guardians
  4 liches
  A walking earthen tome (Depths:3)
  2 deep elf master archers (Depths:3)
  A titan (Vaults:5)
  12 quicksilver dragons
  An Executioner (Zot:1)
  5 sphinxes
  6 ancient champions (Depths:1)
  3 death cobs
  The ghost of bmb222 the Fencer, an adept DsFi of Hepliaklqana (Snake:2)
  Aizul (Snake:3)
  10 shadow dragons
  19 storm dragons
  8 tengu reavers
  Donald (Snake:2)
  8 protean progenitors
  13 fire giants
  3 draconian knights
  An iron dragon (Vaults:5)
  9 frost giants
  4 nagarajas (Snake:4)
  A deep elf sorcerer (Depths:1)
  17 vault wardens
  9 draconian monks
  4 draconian scorchers
  2 balrugs
  4 imperial myrmidons (Desolation)
  4 ghost moths
  5 draconian shifters
  Louise (Swamp:3)
  4 orc warlords
  5 draconian annihilators
  A reaper (D:1)
  A spriggan defender (Depths:2)
  3 ghouls (Swamp:4)
  5 ironbound thunderhulks
  10 ironbound preservers
  The ghost of Ewuvia the Spry, an adept FeSh of Gozag (Snake:1)
  2 formless jellyfish
  15 very ugly things
  13 stone giants
  5 draconian stormcallers
  6 eleionomae
  A lorocyproca (D:1)
  6 deep elf death magi
  3 vampire knights
  7 black draconians
  18 red draconians
  9 white draconians
  16 green draconians
  Azrael (Orc:2)
  10 purple draconians
  2 halazid warlocks (Desolation)
  2 war gargoyles
  A minotaur (Gauntlet)
  Snorg (D:13)
  12 spark wasps
  7 dire elephants
  9 yellow draconians
  4 bunyips
  8 fire dragons
  11 ettins
  A mummy priest (Depths:1)
  A shambling mangrove (Swamp:1)
  A green death (Depths:1)
  A blizzard demon (Depths:2)
  A crystal guardian (Vaults:4)
  13 yaktaur captains
  An entropy weaver (Vaults:2)
  4 deep elf high priests
  5 ragged hierophants (Desolation)
  An entropy weaver (shapeshifter) (D:15)
  3 servants of whispers (Desolation)
  30 vault guards
  6 peacekeepers
  5 salamander tyrants
  11 great orbs of eyes
  A hell beast (Zot:3)
  4 ice dragons
  23 hydras
  4 ghost crabs
  10 ironbound frosthearts
  18 centaur warriors
  3 ogre magi
  Erica (D:11)
  11 alligators
  3 spriggan air magi
  12 anacondas
  4 catoblepae
  2 death knights
  7 two-headed ogres
  4 boulder beetles
  6 deep troll shamans
  16 naga warriors
  6 tengu warriors
  5 death yaks (Lair:5)
  12 deep troll earth magi
  2 vampire magi
  Nergalle (Orc:1)
  4 shock serpents
  2 sun demons (Depths:3)
  2 occultists
  A soul eater (Depths:2)
  Urug (D:14)
  9 hell knights
  A shock serpent (shapeshifter) (Vaults:5)
  14 naga sharpshooters
  12 spriggan berserkers
  A fire crab (Lair:2)
  11 salamander mystics
  5 iron trolls
  3 skysharks
  A titan skeleton (Vaults:3)
  3 skeletal warriors (D:13)
  A sixfirhy (D:14)
  A sea snake (shapeshifter) (Vaults:1)
  6 sea snakes (Snake:1)
  43 deep trolls
  3 spriggan druids
  2 goliath frogs (Swamp:1)
  3 arcanists
  A mana viper (shapeshifter) (Vaults:4)
  4 death drakes (Depths:4)
  7 bog bodies
  2 mana vipers
  12 swamp dragons
  13 lindwurms
  A naga ritualist (Snake:4)
  4 glowing orange brains
  29 ironbound convokers
  2 deep elf pyromancers (D:12)
  11 orc knights
  7 necromancers
  An oklob plant (Lair:4)
  12 phantasmal warriors
  9 orc sorcerers
  19 ugly things
  A stone giant zombie (Vaults:5)
  A manticore (D:14)
  2 cyclopes
  17 salamanders
  8 will-o-the-wisps
  3 meliai (Gauntlet)
  21 vault sentinels
  3 ice statues (IceCv)
  A salamander (shapeshifter) (Vaults:5)
  18 elephants
  16 moths of wrath
  A meliai (shapeshifter) (D:14)
  12 naga magi
  13 guardian serpents
  2 water nymphs (Swamp:4)
  19 black mambas
  2 rust devils
  4 kobold blastminers
  5 torpor snails (Lair:5)
  3 eyes of devastation (Zot:4)
  5 molten gargoyles
  An unseen horror (D:11)
  7 gargoyles
  4 rime drakes
  8 cane toads
  3 freezing wraiths
  2 kobold demonologists
  An anaconda simulacrum (IceCv)
  7 komodo dragons
  2 tormentors (Depths:1)
  27 yaktaurs
  4 tengu conjurers
  5 ice devils
  2 golden dragon simulacra (Zot:2)
  A merfolk (shapeshifter) (Vaults:5)
  2 red devils
  A queen bee (shapeshifter) (D:15)
  7 trolls
  A bloated husk (Swamp:1)
  3 hellwings
  3 merfolk (Zot:2)
  28 hornets
  3 polar bears
  2 wind drakes (shapeshifter)
  14 tyrant leeches
  A glass eye (Depths:3)
  A human skeleton (Vaults:3)
  An ettin zombie (Vaults:5)
  Prince Ribbit (Bailey)
  37 saltlings
  27 slime creatures
  Sigmund (D:2)
  17 blink frogs (Lair:5)
  An ettin skeleton (Vaults:5)
  2 wraiths
  29 yaks
  2 shadows
  A ynoxinul (D:1)
  19 spriggans
  20 humans
  3 basilisks
  2 fire bats
  4 wyverns
  5 fire elementals
  7 water elementals (D:15)
  A steam dragon (D:7)
  3 redbacks (Vaults:2)
  11 vampire mosquitoes
  A chaos spawn (Depths:1)
  3 wargs
  Menkaure (D:7)
  4 death yak simulacra (IceCv)
  An elf simulacrum (Vaults:3)
  A harpy simulacrum (IceCv)
  37 nagas
  12 swamp worms
  A moth of wrath simulacrum (Zot:2)
  2 acid dragons
  16 water moccasins
  5 hell hounds
  36 orc warriors
  An ice beast (Vaults:2)
  6 swamp drakes
  2 sky beasts (D:6)
  2 black bears
  11 ogres
  5 wolves (Lair:1)
  3 boggarts (Vaults:1)
  18 centaurs
  2 kobold brigands (D:8)
  2 gnoll sergeants
  A scorpion (D:6)
  27 bullfrogs
  A necrophage (Swamp:4)
  A cane toad simulacrum (IceCv)
  8 wights
  7 killer bees
  A human simulacrum (Vaults:2)
  An electric eel (D:15)
  5 howler monkeys
  9 lava snakes
  A bombardier beetle (D:5)
  2 gnoll boudas
  2 jellies
  4 hounds
  25 orc priests
  4 iguanas
  4 sleepcaps
  26 orc wizards
  A polar bear simulacrum (IceCv)
  8 adders
  12 gnolls
  A shadow imp (D:8)
  2 ufetubi (D:6)
  11 dart slugs
  A ribbon worm (D:3)
  89 orcs
  13 ball pythons
  9 endoplasms
  A giant cockroach (D:4)
  7 hobgoblins
  3 jackals (D:1)
  5 quokkas
  7 bats
  4 frilled lizards
  18 goblins
  17 kobolds
  4 rats
  3 aspiring fleshes
  A foxfire (Swamp:4)
  A spectral weapon (Vaults:5)
1963 creatures vanquished.

Vanquished Creatures (collateral kills)
  A killer bee (D:8)
1 creature vanquished.

Vanquished Creatures (others)
  A lich (Vaults:5)
  A quicksilver dragon (Depths:4)
  2 draconian annihilators (Depths:4)
  A red draconian (Depths:4)
  2 white draconians
  An occultist (Depths:3)
  A moth of wrath (Zot:3)
  A bloated husk (Swamp:2)
  A vampire mosquito (Swamp:2)
  A moth of wrath simulacrum (Zot:2)
  A killer bee (D:8)
  28 foxfires
41 creatures vanquished.

Grand Total: 2005 creatures vanquished

Notes
Turn   | Place    | Note
-------+----------+-------------------------------------------
     0 | D:1      | Ofeo the Draconian Brigand began the quest for the Orb.
     0 | D:1      | Reached XP level 1. HP: 17/17 MP: 1/1
   161 | D:1      | Reached skill level 1 in Dodging
   270 | D:1      | Reached XP level 2. HP: 22/25 MP: 2/2
   686 | D:1      | Reached XP level 3. HP: 30/30 MP: 3/3
  1319 | D:2      | Identified 3 scrolls of acquirement
  1319 | D:2      | Acquired the +3 pair of boots "Qeluxkorur" {Fly rN++ rCorr}
  1326 | D:2      | Acquired the ring of Wywkua {Will+ EV+5}
  1638 | D:2      | Found a faded altar of an unknown god.
  1827 | D:2      | Noticed Sigmund
  1833 | D:2      | Killed Sigmund
  1834 | D:2      | Reached skill level 3 in Fighting
  1834 | D:2      | Reached XP level 4. HP: 36/38 MP: 4/4
  1834 | D:2      | Reached XP level 5. HP: 43/45 MP: 5/5
  1866 | D:2      | Found Barch's Magic Scroll Boutique.
  1882 | D:2      | Bought a scroll of fog for 48 gold pieces
  2101 | D:2      | Found a runed translucent door.
  2102 | D:2      | Noticed Crazy Yiuf
  2456 | D:3      | Found Jidd's Jewellery Shop.
  2468 | D:3      | Reached XP level 6. HP: 52/52 MP: 6/6
  2656 | D:3      | Found a shadowy altar of Dithmenos.
  3368 | D:4      | Found Kousaury's Antique Armour Shoppe.
  3463 | D:4      | Found a broken altar of Ashenzari.
  3524 | D:4      | Reached skill level 4 in Fighting
  3609 | D:4      | Found an iron altar of Okawaru.
  3609 | D:4      | Found an ancient bone altar of Kikubaaqudgha.
  3651 | D:4      | Got the Disquisition on the Cucurbite and Illusion
  3701 | D:4      | Found a hide-covered altar of Uskayaw.
  3711 | D:4      | Became a worshipper of Uskayaw the Reveller
  3942 | D:4      | Acquired 669 gold pieces
  4007 | D:3      | Bought a maw talisman for 360 gold pieces
  4007 | D:3      | Bought a +6 ring of dexterity for 432 gold pieces
  4079 | D:5      | Entered Level 5 of the Dungeon
  4088 | D:5      | Reached * piety under Uskayaw
  4113 | D:5      | Reached ** piety under Uskayaw
  4130 | D:5      | Reached skill level 5 in Stealth
  4197 | D:5      | Your scales start taking on a fiery red colour.
  4197 | D:5      | Reached XP level 7. HP: 50/60 MP: 7/7
  4197 | D:5      | Gained mutation: Your flesh is heat resistant. (rF+) [Red
                  | Draconian growth]
  4294 | D:5      | Reached *** piety under Uskayaw
  5207 | D:6      | Reached skill level 5 in Fighting
  5427 | D:6      | Found an ornate altar of the Wu Jian Council.
  5681 | D:6      | Found Hydghajag's Antique Weapon Shoppe.
  6044 | D:6      | Found a sparkling altar of Nemelex Xobeh.
  6070 | D:6      | Reached XP level 8. HP: 68/68 MP: 8/8
  6160 | D:6      | Reached skill level 5 in Short Blades
  6289 | D:6      | Reached skill level 6 in Fighting
  6291 | D:6      | Reached **** piety under Uskayaw
  6298 | D:6      | Reached ***** piety under Uskayaw
  6625 | D:6      | Reached skill level 5 in Dodging
  6959 | D:7      | Reached XP level 9. HP: 72/78 MP: 9/9
  6967 | D:7      | Found a radiant altar of Vehumet.
  6988 | D:7      | Found a staircase to the Ecumenical Temple.
  7243 | D:7      | Noticed Menkaure
  7247 | D:7      | Killed Menkaure
  7248 | D:7      | Reached skill level 7 in Fighting
  7882 | D:8      | Reached skill level 1 in Invocations
  7916 | D:8      | Found Akik's Book Emporium.
  7940 | D:8      | Acquired 484 gold pieces
  8052 | D:8      | Found a flagged portal.
  8075 | Bailey   | Entered a bailey
  8094 | Bailey   | Reached XP level 10. HP: 84/88 MP: 11/11
  8242 | Bailey   | Reached ****** piety under Uskayaw
  8272 | Bailey   | Noticed Prince Ribbit
  8272 | Bailey   | Noticed a vault guard
  8283 | Bailey   | Noticed a vault guard
  8289 | Bailey   | Reached skill level 5 in Invocations
  8305 | Bailey   | Killed a vault guard
  8377 | Bailey   | Killed a vault guard
  8391 | Bailey   | Killed Prince Ribbit
  9235 | D:2      | Bought a scroll of enchant weapon for 90 gold pieces
  9235 | D:2      | Bought a scroll of teleportation for 36 gold pieces
  9235 | D:2      | Bought a scroll of teleportation for 36 gold pieces
  9235 | D:2      | Bought a scroll of silence for 114 gold pieces
  9235 | D:2      | Bought a scroll of immolation for 48 gold pieces
  9743 | D:9      | Found Dehiaz's Antique Weapon Shop.
  9910 | D:9      | Reached skill level 10 in Short Blades
  9924 | D:9      | Reached XP level 11. HP: 94/94 MP: 16/16
 10156 | D:9      | Found Katuq's Assorted Antiques.
 10159 | D:9      | Bought a glowing short sword for 132 gold pieces
 10559 | D:9      | Found Afakun's Jewellery Shoppe.
 10595 | D:10     | Entered Level 10 of the Dungeon
 11022 | D:10     | Found a glowing golden altar of the Shining One.
 11022 | D:10     | Found a white marble altar of Elyvilon.
 11024 | D:10     | Found a glowing silver altar of Zin.
 11262 | D:11     | Noticed Erica
 11265 | D:11     | Killed Erica
 11743 | D:11     | Found a staircase to the Lair.
 11887 | D:11     | Noticed a two-headed ogre
 11895 | D:11     | Killed a two-headed ogre
 11896 | D:11     | Reached skill level 5 in Shapeshifting
 12038 | D:11     | Found a shimmering blue altar of Sif Muna.
 12053 | D:11     | Got Sif Muna's Verses on Energy
 12206 | Lair:1   | Entered Level 1 of the Lair of Beasts
 12512 | Lair:1   | Reached XP level 12. HP: 84/101 MP: 18/18
 13368 | Lair:2   | Found a transporter.
 13725 | Lair:2   | Found a transporter.
 14132 | Lair:3   | Reached skill level 10 in Shapeshifting
 14307 | Lair:3   | Noticed a six-headed hydra
 14361 | Lair:3   | Killed a six-headed hydra
 14423 | Lair:3   | Found a staircase to the Swamp.
 14627 | Lair:3   | Found a staircase to the Snake Pit.
 15021 | Lair:4   | Reached XP level 13. HP: 95/107 MP: 19/19
 15514 | Lair:4   | Reached skill level 1 in Shields
 15942 | Lair:5   | Entered Level 5 of the Lair of Beasts
 16011 | Lair:5   | Reached skill level 5 in Shields
 16104 | Lair:5   | Found a dark tunnel.
 16113 | Volcano  | Entered a volcano
 16204 | Volcano  | Found a bloodstained altar of Trog.
 16354 | Lair:5   | Found a gate leading to a gauntlet.
 16363 | Gauntlet | Entered a Gauntlet
 16363 | Gauntlet | Found a transporter.
 16363 | Gauntlet | Found a transporter.
 16367 | Gauntlet | Found a transporter.
 16367 | Gauntlet | Found a transporter.
 16376 | Gauntlet | Found a transporter.
 16403 | Gauntlet | Found a transporter.
 16412 | Gauntlet | Found a transporter.
 16416 | Gauntlet | Found a transporter.
 16424 | Gauntlet | Found a transporter.
 16425 | Gauntlet | Noticed a blizzard demon
 16434 | Gauntlet | Found a transporter.
 16488 | Gauntlet | Found a transporter.
 16504 | Gauntlet | Found a transporter.
 16523 | Gauntlet | Found a transporter.
 16536 | Gauntlet | Found a transporter.
 16623 | Gauntlet | Found a transporter.
 16644 | Gauntlet | Found a transporter.
 16891 | Gauntlet | Identified the +0 pair of boots of Koyfon {Rampage rF+ rC+
                  | Slay+3}
 16975 | Gauntlet | Noticed a minotaur
 16992 | Gauntlet | Killed a minotaur
 17105 | Lair:5   | Reached XP level 14. HP: 114/114 MP: 20/20
 17338 | Lair:5   | Found a viscous altar of Jiyva.
 17338 | Lair:5   | Found a staircase to the Slime Pits.
 17500 | Lair:5   | Paralysed by a hornet for 3 turns
 17534 | Lair:5   | Identified the +0 trident "Qeprabb" {drain, rN+}
 18127 | Lair:5   | Reached skill level 10 in Shields
 18489 | D:12     | Found a staircase to the Orcish Mines.
 18767 | D:12     | Found a frozen archway.
 18784 | IceCv    | Entered an ice cave
 18954 | IceCv    | Identified the +6 mace "Sikka" {speed, rF+}
 20012 | D:13     | Reached skill level 15 in Short Blades
 20211 | D:13     | Noticed Snorg
 20215 | D:13     | Killed Snorg
 20567 | D:13     | Reached XP level 15. HP: 121/121 MP: 21/21
 20941 | Orc:1    | Entered Level 1 of the Orcish Mines
 21053 | Orc:1    | Noticed Nergalle
 21062 | Orc:1    | Killed Nergalle
 21074 | Orc:1    | Reached skill level 8 in Fighting
 21441 | Orc:2    | Entered Level 2 of the Orcish Mines
 21451 | Orc:2    | Noticed Azrael
 21461 | Orc:2    | Killed Azrael
 21529 | Orc:2    | Noticed Saint Roka
 21534 | Orc:2    | Killed Saint Roka
 21617 | Orc:2    | Found Boletuipn's Antique Weapon Emporium.
 21621 | Orc:2    | Found Moola's Antique Armour Shoppe.
 21628 | Orc:2    | Bought a pair of runed gloves for 240 gold pieces
 22178 | Orc:2    | Reached skill level 9 in Fighting
 22190 | Orc:2    | Found Saworaon's Assorted Antiques.
 22201 | Orc:2    | Bought a scroll of acquirement for 1612 gold pieces
 22351 | Orc:2    | Found a staircase to the Elven Halls.
 22409 | Orc:2    | Found Ciziet's General Store.
 22473 | Orc:2    | Acquired a manual of Summonings
 22484 | Orc:2    | Acquired the +3 cloak "Ybeyc" {rElec rN+ Stlth+}
 22586 | D:14     | Noticed Urug
 22586 | D:14     | Found a gate to the Vaults.
 22690 | D:14     | Found a white marble altar of Elyvilon.
 22699 | D:14     | You fall into a shaft and drop 1 floor!
 22699 | D:15     | Entered Level 15 of the Dungeon
 23220 | D:15     | Found Taaros's General Store.
 23237 | D:15     | Bought a scroll of enchant weapon for 82 gold pieces
 23237 | D:15     | Bought 4 curare-tipped darts for 52 gold pieces
 23237 | D:15     | Bought a potion of ambrosia for 88 gold pieces
 23305 | D:15     | Reached skill level 10 in Invocations
 23606 | D:15     | Found a staircase to the Depths.
 23903 | D:15     | Reached skill level 10 in Fighting
 23961 | D:14     | Killed Urug
 24405 | D:14     | Reached XP level 16. HP: 136/136 MP: 24/24
 24962 | Snake:1  | Entered Level 1 of the Snake Pit
 25121 | Snake:1  | Reached skill level 11 in Fighting
 25222 | Snake:1  | Found a transporter.
 25222 | Snake:1  | Noticed Ewuvia's ghost (adept FeSh)
 25223 | Snake:1  | Found a bloodstained altar of Trog.
 25251 | Snake:1  | Found a transporter.
 25292 | Snake:1  | Killed Ewuvia's ghost
 26261 | Snake:2  | Reached skill level 12 in Fighting
 26267 | Snake:2  | Reached skill level 10 in Dodging
 26295 | Snake:2  | Noticed bmb222's ghost (adept DsFi)
 26367 | Snake:2  | Found Qefoci Xoblo's Book Shop.
 26533 | Snake:2  | Found a runed translucent door.
 26632 | Snake:2  | Noticed Vashnia
 26907 | Snake:2  | Killed Vashnia
 27021 | Snake:2  | Noticed Donald
 27030 | Snake:2  | Killed Donald
 27052 | Snake:2  | Found an ancient bone altar of Kikubaaqudgha.
 27325 | Snake:2  | Killed bmb222's ghost
 27653 | D:3      | Bought the amulet of the Air {Inacc Air Fly rElec RMsl} for
                  | 451 gold pieces
 27653 | D:3      | Found the amulet of the Air {Inacc Air Fly rElec RMsl}
 28148 | Snake:1  | Identified the staff of Woe {rElec Tloc Fire Air}
 28224 | Snake:3  | Identified the serpent talisman of Absence {Str+6 Int+3
                  | Slay-4}
 28224 | Snake:3  | Noticed Aizul
 28240 | Snake:3  | Killed Aizul
 28480 | Snake:3  | Found Xoheham's Antique Weapon Emporium.
 28482 | Snake:3  | Found Wimol's Jewellery Shoppe.
 28485 | Snake:3  | Found Mesut's Antique Weapon Emporium.
 29240 | Snake:4  | Entered Level 4 of the Snake Pit
 29276 | Snake:4  | Reached XP level 17. HP: 146/146 MP: 26/26
 29889 | Snake:4  | Reached skill level 15 in Shields
 30721 | Snake:4  | Got a serpentine rune of Zot
 30953 | Swamp:1  | Entered Level 1 of the Swamp
 30960 | Swamp:1  | Noticed Jorgrun
 30966 | Swamp:1  | Killed Jorgrun
 31029 | Swamp:1  | You are sucked into a shaft and drop 1 floor!
 31803 | Swamp:2  | Reached skill level 1 in Evocations
 32184 | Swamp:3  | Reached XP level 18. HP: 155/155 MP: 27/27
 32435 | Swamp:3  | Noticed Mlioglotl
 32443 | Swamp:3  | Killed Mlioglotl
 32546 | Swamp:3  | Noticed Louise
 32554 | Swamp:3  | Killed Louise
 32715 | Swamp:4  | Entered Level 4 of the Swamp
 33085 | Swamp:4  | Noticed the 27-headed Lernaean hydra
 33096 | Swamp:4  | Killed the 27-headed Lernaean hydra
 33097 | Swamp:4  | Reached skill level 13 in Fighting
 33123 | Swamp:4  | Reached skill level 5 in Evocations
 33167 | Swamp:4  | Got a decaying rune of Zot
 33459 | Swamp:4  | Identified the +6 flail "Zoet" {speed, ^Drain Str+2 Dex+6}
 33526 | Swamp:4  | Acquired a manual of Throwing
 34001 | Vaults:1 | Entered Level 1 of the Vaults
 34246 | Vaults:1 | Found Cebal's Weapon Boutique.
 34943 | Vaults:1 | Reached skill level 14 in Fighting
 35023 | Vaults:1 | Reached skill level 5 in Throwing
 35251 | Vaults:1 | Reached XP level 19. HP: 167/167 MP: 28/28
 35274 | Vaults:1 | Found the +27 heavy crossbow "Sniper" {heavy, Acc+∞ SInv}
 35816 | Vaults:2 | Found a crumbling gateway.
 35827 | Desolati | Entered the Desolation of Salt
 35878 | Desolati | Got Narayt's Tome of the Frigorific Caves
 35881 | Desolati | Got Roxanne's Reference Book on the Contaminated Quarry
 36280 | Desolati | Got the Tome of the Voyage and Malisons
 36287 | Desolati | Got the Almanac of Space and Pyromancy
 36302 | Desolati | Got the Vellum of Kindled Mustering
 36394 | Desolati | Identified the +2 pair of boots of the Baleful Grue {+Blink
                  | rN+ Int+2 Stlth+}
 36396 | Desolati | Got the Vellum of the Frigorific Wyrd
 36398 | Desolati | Identified the ring "Sugocal" {+Blink rElec Str-4 Dex+6}
 36603 | Desolati | Reached skill level 15 in Fighting
 37107 | Vaults:2 | Found a staircase to the Crypt.
 37107 | Vaults:2 | Found a basalt altar of Yredelemnul.
 37107 | Vaults:2 | Found an ancient bone altar of Kikubaaqudgha.
 38017 | Vaults:3 | Reached skill level 10 in Throwing
 38227 | Vaults:3 | You are sucked into a shaft and drop 1 floor!
 38257 | Vaults:4 | Reached skill level 16 in Fighting
 38332 | Vaults:4 | Reached XP level 20. HP: 180/180 MP: 29/29
 39155 | Vaults:4 | Identified the orb of the Sailor {*channel, rC+ Str+6}
 39155 | Vaults:4 | Noticed Frederick
 39166 | Vaults:4 | Killed Frederick
 39219 | Vaults:4 | Found Dashyxty's General Store.
 39624 | Vaults:3 | Reached skill level 17 in Fighting
 40393 | Depths:1 | Entered Level 1 of the Depths
 40464 | Depths:1 | Found a gateway to Hell.
 40623 | Depths:1 | Found a corrupted altar of Lugonu.
 41013 | Depths:1 | Found a one-way gate to the infinite horrors of the Abyss.
 41064 | Depths:1 | Reached skill level 15 in Dodging
 41110 | Depths:1 | Reached skill level 18 in Fighting
 41470 | Depths:1 | Reached XP level 21. HP: 195/195 MP: 30/30
 41651 | Depths:1 | Identified the +8 long sword "Utuim" {vamp, Int+4}
 41659 | Depths:1 | Identified the +8 great sword of the Depths {freeze,
                  | ^Fragile rPois rN++ Will+}
 42162 | Depths:2 | Found a blossoming altar of Fedhas.
 42178 | Depths:2 | Reached skill level 19 in Fighting
 42633 | Depths:2 | Noticed a caustic shrike
 42639 | Depths:2 | Killed a caustic shrike
 42665 | Depths:2 | Found a one-way gateway to a ziggurat.
 43000 | Depths:2 | Found a one-way gate leading to the halls of Pandemonium.
 43385 | Depths:3 | Reached skill level 20 in Fighting
 43493 | Depths:3 | Noticed a golden dragon
 43502 | Depths:3 | Killed a golden dragon
 44688 | Depths:3 | Identified the staff of Sodd {rPois rF- Str+6 Alchemy}
 44834 | Depths:4 | Entered Level 4 of the Depths
 45039 | Depths:4 | Reached XP level 22. HP: 211/211 MP: 31/31
 45530 | Depths:4 | Found a gate to the Realm of Zot.
 45615 | Depths:4 | Reached skill level 21 in Fighting
 46017 | Depths:4 | Noticed a golden dragon
 46037 | Depths:4 | Killed a golden dragon
 46088 | Depths:4 | Identified the +4 rapier of the Median {drain, *Corrode rF+
                  | rC+}
 46830 | Depths:4 | Noticed a golden dragon
 46837 | Depths:4 | Killed a golden dragon
 47129 | Depths:4 | Noticed a golden dragon
 47137 | Depths:4 | Noticed a golden dragon
 47141 | Depths:4 | Killed a golden dragon
 47142 | Depths:4 | Killed a golden dragon
 47219 | Depths:4 | Noticed Margery
 47227 | Depths:4 | Killed Margery
 47232 | Depths:4 | Killed the ghostly Margery
 47724 | Vaults:5 | Entered Level 5 of the Vaults
 47760 | Vaults:5 | Reached skill level 22 in Fighting
 47786 | Vaults:5 | Noticed a dread lich
 47796 | Vaults:5 | Killed a dread lich
 47796 | Vaults:5 | Noticed a dread lich
 47852 | Vaults:5 | Killed a dread lich
 47868 | Vaults:5 | Identified the +5 hand axe of the Equator {spect, *Slow
                  | rPois Stlth+}
 47879 | Vaults:5 | Reached XP level 23. HP: 181/225 MP: 32/32
 47931 | Vaults:5 | Reached skill level 23 in Fighting
 47959 | Vaults:5 | Noticed a dread lich
 47986 | Vaults:5 | Killed a dread lich
 48530 | Vaults:5 | Got the Discourse on Portals and Misfortune
 48709 | Vaults:5 | Got the Precepts of Weird Mustering
 48710 | Vaults:5 | Identified the +11 quarterstaff of Tentacled Tenacity
                  | {freeze, rF+}
 48717 | Vaults:5 | Identified the +9 rapier "Virapeux" {protect, Dex+2}
 49062 | Vaults:5 | Acquired the +1 hat of Joh Usue {Will- Regen+ Str+6 Stlth+}
 49070 | Vaults:5 | Got a silver rune of Zot
 49215 | Vaults:5 | Identified the +3 mace "Icoz" {antimagic, rElec Dex+2
                  | Stlth+}
 49308 | Vaults:5 | Found the +8 mithril axe "Arga" {speed, Will+}
 49649 | Vaults:5 | Identified the -1 pair of gloves of Urratigh {+Inv rPois
                  | rN++ rCorr}
 49692 | Vaults:5 | Acquired a manual of Throwing
 49742 | Vaults:5 | Identified the ring of Elyvilon's Scorn {rElec rC+ Str+3
                  | Dex+6}
 50208 | Zot:1    | Entered Level 1 of the Realm of Zot
 51165 | Zot:2    | Identified the +10 arbalest of Equilibrium {penet, rElec}
 51724 | Zot:2    | Identified the ring of Cheibriados's Approval {Ice Will+}
 51724 | Zot:2    | Noticed Josephina
 51737 | Zot:2    | Killed Josephina
 51738 | Zot:2    | Reached skill level 10 in Stealth
 51891 | Zot:2    | Noticed a curse toe
 51978 | Zot:2    | Killed a curse toe
 53037 | Zot:3    | Reached skill level 24 in Fighting
 53047 | Zot:3    | Reached XP level 24. HP: 71/238 MP: 32/32
 54762 | Zot:4    | Found a runed translucent gate.
 54762 | Zot:4    | Found a runed translucent gate.
 55135 | Zot:4    | Noticed an orb of fire
 55146 | Zot:4    | Killed an orb of fire
 55480 | Zot:4    | Found a runed translucent gate.
 55485 | Zot:4    | Found an ancient bone altar of Kikubaaqudgha.
 55485 | Zot:4    | Noticed a dread lich
 55485 | Zot:4    | Noticed a dread lich
 55486 | Zot:4    | Noticed an ancient lich
 55486 | Zot:4    | Noticed a dread lich
 55486 | Zot:4    | Noticed Fiowez's ghost (veteran HuAl)
 55717 | Zot:4    | Killed a dread lich
 55719 | Zot:4    | Killed a dread lich
 55719 | Zot:4    | Killed a dread lich
 55721 | Zot:4    | Killed an ancient lich
 55727 | Zot:4    | Killed Fiowez's ghost
 55737 | Zot:4    | Got the Enchiridion on the Twisted Familiar
 55739 | Zot:4    | Got the Elucidation of Anarchy
 55749 | Zot:4    | Identified the ring of Umuuch {Fly rC- rN+ Dex+3}
 55755 | Zot:4    | Identified the +0 hat of Discretion {Will+}
 55898 | Zot:5    | Entered Level 5 of the Realm of Zot
 56660 | Zot:5    | Noticed a Killer Klown
 56663 | Zot:5    | Noticed a Killer Klown
 56667 | Zot:5    | Killed a Killer Klown
 56668 | Zot:5    | Noticed a dread lich
 56668 | Zot:5    | Noticed an orb of fire
 56668 | Zot:5    | Noticed a Killer Klown
 56671 | Zot:5    | Killed an orb of fire
 56671 | Zot:5    | Noticed a Killer Klown
 56672 | Zot:5    | Noticed an ancient lich
 56675 | Zot:5    | Killed a Killer Klown
 56676 | Zot:5    | Reached skill level 25 in Fighting
 56678 | Zot:5    | Killed a dread lich
 56689 | Zot:5    | Killed a Killer Klown
 56698 | Zot:5    | Reached XP level 25. HP: 144/249 MP: 0/32
 56699 | Zot:5    | Killed a Killer Klown
 56718 | Zot:5    | Killed an ancient lich
 56741 | Zot:5    | Reached skill level 15 in Throwing
 57128 | Zot:5    | Noticed an orb of fire
 57134 | Zot:5    | Noticed a Killer Klown
 57140 | Zot:5    | Noticed a Killer Klown
 57140 | Zot:5    | Noticed a dread lich
 57394 | Zot:5    | Noticed a dread lich
 57400 | Zot:5    | Noticed a Killer Klown
 57407 | Zot:5    | Killed a dread lich
 57412 | Zot:5    | Gained mutation: Your body sometimes deteriorates upon
                  | taking damage. [an orb of fire]
 57416 | Zot:5    | Killed an orb of fire
 57424 | Zot:5    | Killed a Killer Klown
 57427 | Zot:5    | Killed a Killer Klown
 57436 | Zot:5    | Killed a Killer Klown
 57440 | Zot:5    | Killed a dread lich
 57447 | Zot:5    | Noticed a dread lich
 57454 | Zot:5    | Killed a dread lich
 57708 | Zot:5    | Got the Orb of Zot
 58459 | D:1      | Noticed Ciefaota the pandemonium lord
 58467 | D:1      | Killed Ciefaota the pandemonium lord
 58469 | D:1      | Noticed Joxit the pandemonium lord
 58472 | D:1      | Killed Joxit the pandemonium lord
 58503 | D:$      | Escaped with the Orb!

Illustrated notes

Levels and vault maps discovered:
D:1:      minmay_arrival_widening_spiral_wide, layout_loops_cross,
          minmay_splitting_lines, moated_statue, minmay_crystal_room,
          wad_floor_pattern_untrapped
D:2:      layout_basic, shapermc_ecumenical_altar_ellora, serial_shops, shop,
          minmay_mini_jars, uniq_crazy_yiuf_cottage, uniq_sigmund
D:3:      layout_loops_ring, grunt_dithmenos_smoke, serial_shops, shop,
          serial_park_tiny_2, chequers_serial_rivers_micro_c
D:4:      layout_basic, general_overflow_altar, nicolae_ashenzari_panopticon,
          gammafunk_temple_overflow_statue, serial_shops,
          nicolae_shop_tiny_statue_garden, hangedman_decor_peaks_small
D:5:      kennysheep_slugbush, layout_gridville
D:6:      minmay_thinvault, layout_layer_cave, lemuel_coloured_pillars_altar,
          lemuel_crystal_altar, serial_shops, shop
D:7:      layout_loops_ring, mainiacjoe_overflow_boulevard,
          minmay_temple_entry_ruins, uniq_menkaure
D:8:      layout_loops_cross, enter_bailey_5, serial_shops, shop
D:9:      layout_irregular_city, serial_shops, shop, kennysheep_mini_moat, shop
D:10:     layout_roguey, dreamdust_divine_triumvirate
D:11:     layout_roguey [special_room_orc], lair_entry_dummy, led_sif_book,
          uniq_erica
D:12:     hellmonk_ruined_rings, layout_loops_ring,
          portal_ice_cave_demonic_guard, kennysheep_opposing_triangles
D:13:     layout_basic, minmay_misc_feat_chi, uniq_snorg
D:14:     layout_basic, david_vaults_3, elyvilon_altar_5, minivault_25_ag
D:15:     grunt_enter_depths_snipers, layout_basic, serial_shops,
          nicolae_shop_crystal
Lair:1:   layout_cave_pods, serial_bayou_pond_e
Lair:2:   gammafunk_cloud_chamber, layout_cave_shapes
Lair:3:   layout_chaotic_city, skrybe_swamp_entry_bodies,
          nicolae_snake_entry_warm_welcome
Lair:4:   layout_roguey
Lair:5:   wormcave, layout_small_grid, slime_entry_1,
          nicolae_volcano_entry_vermiform, gauntlet_entry_generic
Swamp:1:  layout_basic_swamp, nicolae_swamp_orc_logging_accident, uniq_jorgrun
Swamp:2:  layout_basic_swamp, evilmike_swamp_ruin_house_2,
          infiniplex_staircase_pool
Swamp:3:  layout_falls_marsh, evilmike_swamp_ruin_house_6, swamp_pool_4,
          nicolae_swamp_decorative_isthmus, uniq_louise, uniq_mlioglotl
Swamp:4:  swamp_old_school, layout_basic_swamp,
          nicolae_swamp_nymph_family_reunion
Snake:1:  minmay_snake_river, layout_onion_interference,
          gammafunk_ghost_wrathful_warriors
Snake:2:  layout_cave_town, hellmonk_ghost_happy_afterlife, serial_shops,
          nicolae_shop_hallway_plus, basic_altar, uniq_donald, uniq_vashnia
Snake:3:  layout_rooms, grunt_megastairs_1, minmay_shop_star, uniq_aizul
Snake:4:  snake_hunt, layout_misc_corridors, serial_bayou_shore_b,
          grunt_megastairs_3
Orc:1:    layout_caves, uniq_nergalle
Orc:2:    grunt_orc_community_town_hall, layout_caves,
          grunt_orc_community_big_house_2, grunt_orc_community_big_house_2,
          grunt_orc_community_house_2, grunt_orc_community_house_1,
          grunt_orc_community_house_3, grunt_orc_community_house_1,
          grunt_orc_community_house_1, uniq_azrael
Vaults:1: hangedman_vaults_slither, minmay_guarded_unrand_secular_launcher,
          nicolae_vaults_house_3, ontoclasm_vaults_chip,
          nicolae_vaults_little_squares_3, vaults_room_door_ring,
          v_alt_pattern_1, dpeg_vaults_monster_box,
          nicolae_vaults_specimen_jars, nicolae_vaults_yaktaur_gun_rack,
          layout_vaults_chaotic_city, serial_shops,
          nicolae_shop_bloodbath_and_beyond
Vaults:2: portal_desolation_entry_nicolae_nacl, nicolae_vaults_trapezoid_4,
          minmay_crypt_entry_necro_gods, v_misc_31,
          nicolae_vaults_mini_display_case, serial_ice_b, v_alt_pattern_1,
          layout_vaults_omnigrid
Vaults:3: nicolae_vaults_shipping_containers_2, nicolae_vaults_lightning_bolt,
          nicolae_vaults_tetromino_L_1, v_alt_pattern_6,
          hangedman_vaults_impose, hangedman_vaults_restitches,
          vaults_mumra_lcd, vaults_room_stairs_pillars, v_pattern_2,
          nicolae_vaults_house_2, nicolae_vaults_sesquioval_fish,
          layout_vaults_omnicross
Vaults:4: dpeg_vaults_waves, nicolae_vaults_tetromino_Z_2,
          nicolae_vaults_turnstiles, ontoclasm_vaults_ring_small,
          vaults_mumra_minichess_inversion,
          serial_library_regret_index_small_wings, hangedman_vaults_nails,
          hangedman_vaults_maws, nicolae_vaults_layer_cake_slice,
          layout_vaults_ring, serial_shops, shop_fountains, uniq_frederick
Vaults:5: serial_shops
Depths:1: hangedman_six_sided_sadism, layout_gridlike, abyss_entry,
          chequers_serial_rivers_small_b, hell_entry, minmay_hedge_maze,
          minmay_misc_feat_ornament, chequers_jeans, tgw_lugonu_bribe
Depths:2: minmay_chopped_fan, layout_cave_pools, enter_ziggurat_e,
          rand_demon_pan_entry_7, old_standard_altar, grunt_hell_entry_dis_mu,
          infiniplex_staircase_zigzag_5
Depths:3: dreamdust_merry_men, layout_honeycomb, infiniplex_staircase_trident,
          abyss_entry, lightli_too_deep
Depths:4: lemuel_castle_with_subvaults [lemuel_castle_interior_carwin_2],
          layout_long_grid, nicolae_eternal_life, pf_hell_entry_tar_spiral,
          abyss_entry, uniq_margery
Zot:1:    layout_gridlike
Zot:2:    layout_gridlike, hangedman_zot_decor_scrapings, grunt_megastairs_2,
          uniq_josephina
Zot:3:    nicolae_moth_party, layout_misc_corridors, st_single_dragon_hoard_1
Zot:4:    layout_gridlike, gammafunk_ghost_crypt
Zot:5:    layout_gridlike, bh_zot_lava_cross

Skill      XL: |  1  2  3  4  5  6  7  8  9 10 11 12 13 14 15 16 17 18 19 20 21 22 23 24 25 |
---------------+----------------------------------------------------------------------------+-----
Dodging        | 1 2 3 4 5 6 8 10 11 13 15 17 19 20 21 | 21.9
Throwing       | 2 6 10 12 14 16 | 16.3
Stealth        | 4 5 6 7 10 12 14 | 14.1
Fighting       | 3 4 5 6 7 10 12 14 16 18 20 22 24 25 | 25.6
Short Blades   | 3 4 6 7 10 11 12 15 | 15.0
Invocations    | 2 7 8 10 12 | 12.2
Shapeshifting  | 6 11 12 | 12.5
Shields        | 8 11 12 14 18 | 18.0
Evocations     | 1 7 8 |  8.0

Action                     |  1- 3 |  4- 6 |  7- 9 | 10-12 | 13-15 | 16-18 | 19-21 | 22-24 | 25-27 || total
---------------------------+-------+-------+-------+-------+-------+-------+-------+-------+-------++-------
  Melee: Dagger            |   109 |       |       |       |       |       |       |       |       ||   109
         Tailslap          |    13 |    15 |    58 |   114 |   295 |   243 |   414 |   438 |    79 ||  1669
         Punch             |     1 |     1 |     9 |    11 |     4 |       |       |       |       ||    26
         Short sword       |    17 |   125 |   346 |   619 |   191 |       |       |       |       ||  1298
         Maw               |       |       |       |    31 |   554 |   446 |   716 |   757 |   116 ||  2620
         Quick blade       |       |       |       |       |  1021 |  1259 |  1709 |  1798 |   323 ||  6110
  Throw: Dart              |     7 |       |     6 |     5 |     2 |       |       |       |       ||    20
 Invoke: Grand Finale      |       |       |       |       |     1 |     1 |     2 |     2 |     1 ||     7
         Line Pass         |       |       |       |       |       |       |       |     6 |       ||     6
Ability: Breathe Fire      |       |       |    16 |    31 |     9 |       |       |       |       ||    56
  Evoke: Wand              |       |       |     3 |     3 |       |     1 |       |       |     2 ||     9
    Use: Scroll            |    10 |     2 |    10 |     6 |    16 |     9 |       |     8 |     1 ||    62
         Potion            |       |     1 |       |       |       |     3 |     2 |     9 |     5 ||    20
   Stab: Sleeping          |     5 |     9 |    17 |    16 |    42 |    49 |    56 |    21 |       ||   215
         Paralysed         |       |       |     6 |    42 |    69 |   111 |   118 |   104 |    16 ||   466
         Distracted        |       |       |       |     2 |     4 |     1 |     5 |     5 |       ||    17
         Invisible         |       |       |       |       |       |     1 |       |       |       ||     1
         Confused          |       |       |       |       |       |       |       |     3 |       ||     3
 Armour: Skin              |    60 |    31 |    84 |   181 |   274 |   241 |   158 |   413 |    38 ||  1480
  Dodge: Dodged            |    82 |    86 |   316 |   388 |   381 |   318 |   320 |   681 |    66 ||  2638
         Repelled          |       |       |       |       |       |    12 |    10 |    19 |       ||    41
  Block: Buckler           |       |       |       |       |   144 |    33 |       |       |       ||   177
         Kite shield       |       |       |       |       |       |   314 |   563 |   718 |    88 ||  1683
   Form: Maw               |       |       |       |     1 |       |       |       |       |       ||     1

Table legend: (Time is in decaauts)
 A = Elapsed time spent in this place.
 B = Non-inter-level travel time spent in this place.
 C = Inter-level travel time spent in this place.
 D = Time resting spent in this place.
 E = Time spent auto-exploring this place.
 F = Levels seen in this place.
 G = Mean time per level.
                   A        B        C        D        E       F      G
               +--------+--------+--------+--------+--------+-----+--------+
         Total |  56404 |  51564 |   4840 |   4707 |  36815 |  49 | 1151.1 |
       Dungeon |  17059 |  14853 |   2206 |    632 |  11338 |  15 | 1137.3 |
          Lair |   5337 |   4787 |    550 |      2 |   3852 |   5 | 1067.4 |
         Swamp |   2783 |   2625 |    158 |    240 |   1784 |   4 |  695.8 |
     Snake Pit |   5277 |   4993 |    284 |    598 |   3524 |   4 | 1319.2 |
  Orcish Mines |   1517 |   1463 |     54 |      0 |   1105 |   2 |  758.5 |
        Vaults |   7450 |   6963 |    487 |    210 |   5683 |   5 | 1490.0 |
        Depths |   7297 |   6645 |    652 |    892 |   4737 |   4 | 1824.2 |
           Zot |   7408 |   6962 |    446 |   1760 |   4187 |   5 | 1481.6 |
        Bailey |    347 |    347 |      0 |     35 |     11 |   1 |  347.0 |
      Ice Cave |    194 |    194 |      0 |     48 |      0 |   1 |  194.0 |
       Volcano |    194 |    194 |      0 |      0 |      0 |   1 |  194.0 |
    Desolation |    851 |    851 |      0 |    290 |    253 |   1 |  851.0 |
      Gauntlet |    686 |    686 |      0 |      0 |    340 |   1 |  686.0 |
               +--------+--------+--------+--------+--------+-----+--------+

Top non-repeatable levels by time:
Depths:4: 2585 daAuts
   Zot:2: 2288 daAuts
Vaults:5: 1961 daAuts
Vaults:1: 1899 daAuts
Depths:1: 1863 daAuts
Depths:3: 1807 daAuts
     D:6: 1784 daAuts
   Zot:5: 1747 daAuts
 Snake:1: 1592 daAuts
     D:2: 1574 daAuts
   Zot:4: 1507 daAuts
 Snake:3: 1372 daAuts
    D:13: 1346 daAuts
    D:15: 1340 daAuts
  Lair:5: 1333 daAuts
